Map: Lost and Found LE

Players

Hjax

  • Race: Protoss Protoss
  • Spawn Location: 1:00

Nice - Winner!

  • Race: Protoss Protoss
  • Spawn Location: 7:00

Event: WCS Austin 2018

VOD

Have the link to the VOD?

Description

Time

  • Played on: June 1, 2018, 2:36 p.m.
  • Length: 10:55

All games in this series

Show
View Real Time Build Order
Export as new Build Order

Hjax Protoss 

Build Orders:  

Get SALT Encoding   

  12  0:00  Probe  
  13  0:12  Probe  
  14  0:19  Pylon  
  14  0:24  Probe  
  15  0:35  Probe  
  15  0:39  Gateway  
  16  0:43  Probe  
  16  0:47  Assimilator  
  17  0:51  Probe  
  18  1:03  Probe  
  19  1:16  Probe  
  19  1:18  Zealot  
  20  1:23  Pylon  
  20  1:28  Probe  
  20  1:29  Pylon  
  23  1:48  Zealot  
  23  1:52  Probe  
  25  2:02  Cybernetics Core  
  25  2:13  Probe  
  26  2:18  Warp Gate  
  26  2:25  Probe  
  27  2:30  Gateway  
  27  2:37  Probe  
  28  2:44  Pylon  
  28  2:49  Probe  
  29  2:54  Stalker  
  31  3:03  Pylon  
  31  3:09  Pylon  
  31  3:21  Probe  
  31  3:22  Stalker  
  31  3:24  Stalker  
  36  3:34  Robotics Facility  
  36  3:37  Shield Battery  
  36  3:46  Assimilator  
  36  3:47  Probe  
  37  3:52  Gateway  
  37  4:18  Gateway  
  37  4:24  Adept x2  
  41  4:34  Nexus  
  41  4:42  Observer  
  40  4:47  Stalker  
  40  4:50  Stalker  
  44  5:05  Stalker  
  44  5:13  Probe  
  41  5:15  Stalker x2  
  42  5:25  Probe  
  41  5:37  Probe  
  41  5:38  Stalker, Adept x2  
  46  5:49  Stalker  
  44  5:59  Probe  
  44  6:02  Stalker  
  44  6:03  Probe  
  44  6:11  Probe  
  44  6:16  Probe  
  44  6:17  Immortal  
  46  6:28  Probe  
  51  6:41  Pylon, Probe  
  51  6:42  Probe  
  53  6:53  Probe  
  51  6:54  Probe  
  51  6:55  Stalker  
  51  6:57  Observer  
  54  7:05  Probe  
  54  7:06  Probe  
  54  7:08  Shield Battery  
  56  7:17  Probe  
  56  7:19  Probe  
  56  7:22  Stalker  
  53  7:33  Stalker  
  50  7:38  Probe  
  50  7:39  Probe  
  52  7:53  Stalker x2  
  54  8:04  Sentry, Probe x2  
  58  8:15  Probe  
  58  8:18  Probe  
  55  8:23  Probe  
  55  8:26  Probe  
  56  8:31  Warp Prism  
  60  8:36  Sentry  
  62  8:44  Pylon  
  62  8:58  Pylon  
  62  9:02  Probe  
  63  9:07  Sentry x3  
  69  9:12  Pylon  
  69  9:24  Probe x2  
  67  9:36  Probe  
  67  9:37  Probe  
  69  9:44  Stalker x2  
  69  9:45  Stalker  
  68  10:08  Sentry  
  68  10:09  Adept  
  68  10:11  Probe x2  
  60  10:32  Stalker x2  
Show
View Real Time Build Order
Export as new Build Order

Nice Protoss - Winner!

Build Orders: Cannon Rush 

Get SALT Encoding   

  12  0:00  Probe  
  13  0:12  Probe  
  14  0:17  Pylon  
  14  0:24  Probe  
  15  0:33  Probe  
  15  0:37  Forge  
  15  0:42  Probe  
  17  0:58  Pylon  
  17  1:10  Assimilator  
  17  1:25  Pylon, Photon Cannon  
  17  1:29  Photon Cannon  
  17  1:34  Photon Cannon  
  17  1:53  Photon Cannon  
  17  1:55  Photon Cannon  
  17  2:01  Probe  
  17  2:04  Gateway  
  17  2:07  Assimilator  
  18  2:08  Assimilator  
  18  2:09  Probe  
  19  2:19  Probe  
  20  2:28  Probe  
  20  2:36  Probe  
  23  2:52  Nexus  
  22  2:59  Cybernetics Core  
  22  3:05  Probe  
  23  3:13  Pylon  
  23  3:17  Probe  
  24  3:26  Stalker  
  24  3:27  Warp Gate  
  25  3:34  Pylon  
  26  3:44  Stargate  
  26  3:50  Shield Battery  
  26  3:59  Stalker  
  27  4:10  Photon Cannon  
  27  4:16  Probe  
  28  4:19  Oracle  
  28  4:28  Stalker  
  34  4:31  Probe  
  34  4:45  Shield Battery, Photon Cannon  
  34  4:53  Oracle  
  37  5:02  Pylon  
  37  5:03  Probe  
  34  5:13  Probe  
  33  5:16  Probe  
  34  5:21  Probe  
  34  5:28  Probe  
  36  5:29  Probe  
  37  5:40  Probe  
  37  5:42  Stalker  
  40  5:43  Probe  
  44  5:50  Oracle  
  44  5:52  Pylon, Probe  
  44  5:55  Probe  
  46  6:05  Sentry  
  46  6:06  Probe x2  
  46  6:09  Pylon  
  50  6:12  Pylon  
  50  6:14  Probe  
  51  6:19  Oracle  
  51  6:22  Probe  
  55  6:35  Gateway  
  55  6:37  Gateway  
  55  6:40  Probe  
  55  6:42  Probe  
  57  6:53  Probe  
  58  6:55  Probe  
  58  7:00  Pylon  
  59  7:02  Zealot  
  59  7:05  Probe  
  59  7:06  Oracle  
  62  7:09  Nexus  
  62  7:12  Pylon  
  62  7:17  Probe  
  66  7:23  Adept  
  66  7:29  Probe  
  64  7:39  Probe  
  64  7:41  Probe  
  68  7:51  Probe  
  68  7:52  Zealot x2  
  68  7:53  Zealot  
  68  7:56  Pylon  
  74  8:06  Robotics Facility  
  71  8:25  Stalker, Sentry  
  71  8:27  Zealot  
  77  8:29  Pylon  
  77  8:30  Pylon  
  77  8:35  Pylon  
  77  8:39  Assimilator  
  77  8:41  Assimilator  
  77  8:43  Twilight Council  
  77  8:48  Observer, Probe  
  79  8:59  Pylon  
  79  9:07  Charge  
  79  9:09  Immortal  
  79  9:12  Gateway  
  79  9:14  Gateway  
  79  9:16  Gateway  
  83  9:22  Gateway  
  83  9:29  Gateway  
  83  9:40  Immortal  
  83  9:42  Zealot x2  
  91  9:57  Zealot, Templar Archives  
  91  10:13  Immortal  
  91  10:19  Pylon  
  93  10:23  Zealot  
  87  10:32  Zealot x2  
  87  10:33  Zealot x3  
  81  10:46  Zealot x3  
Tags
 
Add a new tag
Caveats
  • Supply blocks, unpowered buildings, or Contaminate may cause inaccurate times.
  • Supply counts are checked every 10 seconds.